 Dungeon Crawl Stone Soup version 0.31.0-4-g52a2dc7128 (webtiles) character file.

Game seed: 4105512307087111098

306 GordonOverkill the Trooper (level 6, -1/40 (44) HPs)
             Began as a Kobold Reaver on Jan 22, 2024.
             Slain by a gnoll
             ... wielding a +0 spear
              (2 damage)
             ... on level 3 of the Dungeon.
             The game lasted 00:04:50 (2545 turns).

GordonOverkill the Trooper (Kobold Reaver)          Turns: 2545, Time: 00:04:51

HP:   -1/40 (44)    AC:  4    Str:  9    XL:     6   Next: 67%
MP:   19/19         EV: 14    Int: 16    God:
Gold: 46            SH:  0    Dex: 14    Spells: 9/10 levels left

rFire   . . .        m - +1 dagger (venom)
rCold   . . .        (no shield)
rNeg    . . .        b - +1 leather armour
rPois   .            (no helmet)
rElec   .            (no cloak)
rCorr   .            (no gloves)
SInv    .            (no boots)
Will    .....        (no amulet)
Stlth   ++           d - ring of magical power
HPRegen 0.26/turn    (no ring)
MPRegen 0.16/turn

%: no passive effects
@: drained
A: small, no large weapons, nightstalker 3
a: no special abilities


You were on level 3 of the Dungeon.
You visited 1 branch of the dungeon, and saw 3 of its levels.

You collected 90 gold pieces.
You spent 44 gold pieces at shops.

Inventory:

Hand Weapons
 m - a +1 dagger of venom (weapon)
 o - the +4 short sword of the Mosquito {heavy, rElec rF++ Str-5 Dex+3}
   (You found it on level 2 of the Dungeon)

   Str-5:     It affects your strength (-5).
   Dex+3:     It affects your dexterity (+3).
   rF++:      It greatly protects you from fire.
   rElec:     It insulates you from electricity.
Armour
 b - a +1 leather armour (worn)
 h - a +0 buckler
Jewellery
 d - a ring of magical power (left hand)
Wands
 k - a wand of flame (21)
Potions
 a - a potion of ambrosia {unknown}
 c - a potion of berserk rage {unknown}
 e - a potion of heal wounds
 f - 3 potions of curing {unknown}
 j - a potion of brilliance {unknown}
 l - a potion of degeneration {unknown}


   Skills:
 - Level 7.0 Fighting
 - Level 4.0 Short Blades
 - Level 2.4 Dodging
 + Level 2.7 Spellcasting
 - Level 3.0 Conjurations


You had 9 spell levels left.
You knew the following spells:

 Your Spells              Type           Power      Damage    Failure   Level
a - Kiss of Death         Conj/Necr      28%        2d7       14%         1

Your spell library contained the following spells:

 Spells                   Type           Power      Damage    Failure   Level
 Momentum Strike          Conj/Tloc      14%        3d8       22%         2
 Hailstorm                Conj/Ice       7%         3d5       41%         3
 Cause Fear               Hex            1%         N/A       95%         4
 Fireball                 Conj/Fire      3%         3d4       99%         5
 Dragon's Call            Summ           1%         N/A       100%        9


Dungeon Overview and Level Annotations

Branches:
Dungeon (3/15)

Altars:

Shops:
D:2 (


Innate Abilities, Weirdness & Mutations

You are small and have problems with some larger weapons.
You are completely attuned to the shadows.


Message History

You hear the rusting of a drain nearby.
There is a stone staircase leading up here.
A rat comes into view.
A rat is nearby!
A rat is nearby!
A rat is nearby!
A rat is nearby!
The helpless rat fails to defend itself.
You puncture the rat!
You kill the rat!
No target in view!
No target in view!
No target in view!
A gnoll comes into view. It is wielding a +0 flail.
Found 3 gold pieces.
A gnoll is nearby!
A gnoll is nearby!
A gnoll is nearby! 2 gnolls come into view.
A gnoll is wielding a +0 spear and quivering 2 throwing nets.
The gnoll shouts! x3; You hear a shout!
The gnoll throws a throwing net.
The throwing net hits you.
You become entangled in the net!
A gnoll comes into view. It is wielding a +0 halberd.
You see here a throwing net.
You are held in a net!
You are held in a net!
You struggle against the net.
You tear a large gash into the net.
The gnoll hits you with a +0 flail!
A dart slug comes into view.
You rip the net and break free!
The gnoll hits you from afar with a +0 spear!
* * * LOW HITPOINT WARNING * * *
The gnoll hits you from afar with a +0 halberd!
* * * LOW HITPOINT WARNING * * *
The gnoll completely misses you. The gnoll hits you with a +0 whip!
* * * LOW HITPOINT WARNING * * *
The gnoll attacks as it pursues you!
The gnoll hits you from afar with a +0 spear.
You die...

#>
....###.#...#...÷...§§.
##
#.#..###.#...#.....§§§§§
.......#.....§§§§§
##..###.#...#.....§§§§.
.$....#.....#.....§§§..
.w....##....# #########
.....g###.###
.....g###.# ....g.@...##
....g........
.............
######....... ########


You could see 4 gnolls.

Vanquished Creatures
  Sigmund (D:2)
  An orc wizard (D:3)
  5 adders
  A dart slug (D:1)
  A ribbon worm (D:2)
  4 orcs (D:3)
  2 bats (D:1)
  11 endoplasms
  4 giant cockroaches
  2 goblins
  7 hobgoblins
  2 jackals (D:1)
  3 ball pythons
  3 frilled lizards
  5 kobolds
  6 rats
58 creatures vanquished.

Notes
Turn   | Place    | Note
-------+----------+-------------------------------------------
     0 | D:1      | GordonOverkill the Kobold Reaver began the quest for the
                  | Orb.
     0 | D:1      | Reached XP level 1. HP: 12/12 MP: 3/3
   183 | D:1      | Reached XP level 2. HP: 18/18 MP: 5/5
   191 | D:1      | Reached skill level 3 in Fighting
   504 | D:1      | Reached XP level 3. HP: 18/23 MP: 6/6
   665 | D:1      | You fall into a shaft and drop 1 floor!
   834 | D:1      | Reached skill level 4 in Fighting
  1346 | D:2      | Reached XP level 4. HP: 30/30 MP: 7/7
  1642 | D:2      | Found Faupsem's Weapon Emporium.
  1647 | D:2      | Bought a +0 dagger of venom for 44 gold pieces
  1652 | D:2      | Noticed Sigmund
  1658 | D:2      | Killed Sigmund
  1659 | D:2      | Reached skill level 6 in Fighting
  1659 | D:2      | Reached XP level 5. HP: 18/37 MP: 8/8
  1659 | D:2      | Reached XP level 6. HP: 21/42 MP: 9/9
  1844 | D:2      | Identified the +4 short sword of the Mosquito {heavy, rElec
                  | rF++ Str-5 Dex+3}
  2291 | D:3      | Reached skill level 7 in Fighting
  2545 | D:3      | HP: 1/40 [gnoll/+0 whip (8)]
  2545 | D:3      | Slain by a gnoll

Illustrated notes

Levels and vault maps discovered:
D:1:      lemuel_arrival_room, layout_loops_cross,
          chequers_serial_rivers_micro_a
D:2:      layout_basic, serial_shops, shop, uniq_sigmund
D:3:      layout_rooms, portal_sewer_entry_f, uniq_robin

Skill      XL: |  1  2  3  4  5  6 |
---------------+-------------------+-----
Fighting       | 3 4 6 7 |  7.0
Short Blades   | |  4.0
Dodging        | |  2.4
Spellcasting   | |  2.7
Conjurations   | |  3.0

Action                     |  1- 3 |  4- 6 || total
---------------------------+-------+-------++-------
  Melee: Short sword       |   139 |    16 ||   155
         Punch             |     3 |     1 ||     4
         Dagger            |       |    69 ||    69
   Cast: Kiss of Death     |       |     3 ||     3
  Evoke: Wand              |     2 |     2 ||     4
    Use: Scroll            |       |     7 ||     7
   Stab: Sleeping          |     9 |     5 ||    14
         Distracted        |       |     1 ||     1
 Armour: Leather armour    |    38 |    42 ||    80
  Dodge: Dodged            |    69 |    36 ||   105
